 Dungeon Crawl Stone Soup version 0.22-a0-305-gd21a89c (webtiles) character file.

33 Borgoz the Skirmisher (level 3, -2/32 (33) HPs)
             Began as a Ghoul Abyssal Knight on Mar 31, 2018.
             Was a Follower of Lugonu.
             Slain by a kobold
             ... wielding a +2 whip of electrocution
              (14 damage)
             ... on level 1 of the Dungeon.
             The game lasted 00:01:58 (761 turns).

Borgoz the Skirmisher (Ghoul Abyssal Knight)         Turns: 761, Time: 00:02:00

HP:   -2/32 (33)    AC:  7    Str: 15    XL:     3   Next: 29%
MP:   3/3           EV: 10    Int:  7    God:    Lugonu [*.....]
Gold: 82            SH:  0    Dex:  9    Spells: 2/2 levels left

rFire    . . .     SeeInvis .     - Unarmed
rCold    + . .     Gourm    .   (no shield)
rNeg     + + +     Faith    .   c - +2 ring mail {rPois}
rPois    ∞         Spirit   .   (no helmet)
rElec    .         Reflect  .   (no cloak)
rCorr    .         Harm     .   (no gloves)
MR       .....                  (no boots)
Stlth    ..........             (no amulet)
HPRegen  0.00/turn              (no ring)
MPRegen  0.08/turn              (no ring)

@: rotting
A: rotting body, claws 1, carnivore, cold resistance 1, negative energy
resistance 3, inhibited regeneration, torment resistance, unbreathing
a: Depart the Abyss, Renounce Religion


You were on level 1 of the Dungeon.
You worshipped Lugonu.
Lugonu was aware of your devotion.
You were not hungry.

You visited 1 branch of the dungeon, and saw 1 of its levels.
You visited the Abyss 1 time.

You collected 82 gold pieces.

Inventory:

Armour
 c - a +2 ring mail of poison resistance (worn)
Jewellery
 h - a +5 ring of protection {unknown}
Scrolls
 a - a scroll of enchant weapon {unknown}
 d - a scroll of magic mapping {unknown}
 f - a scroll of fog {unknown}
 g - a scroll of amnesia {unknown}
Potions
 e - a potion of flight {unknown}
 i - a potion of curing {unknown}
 j - 2 potions of agility {unknown}
Comestibles
 b - 3 rations


   Skills:
 + Level 3.7 Fighting
 + Level 2.0 Armour
 + Level 1.0 Dodging
 + Level 0.2 Stealth
 + Level 3.2 Unarmed Combat
 + Level 2.0 Invocations


You had 2 spell levels left.
You didn't know any spells.

Dungeon Overview and Level Annotations

Branches:
Dungeon (1/15)

Altars:


Innate Abilities, Weirdness & Mutations

Your body is rotting away.
You thrive on raw meat.
You are immune to poison.
You have sharp fingernails.
You are carnivorous and can eat meat at any time.
Your flesh is cold resistant. (rC+)
You are immune to negative energy. (rN+++)
You do not regenerate when monsters are visible.
You are immune to unholy pain and torment.
You can survive without breathing.


Message History

No target in view!
Found a plate armour.
You see here a plate armour.
You feel your flesh rotting away.
j - 2 brown potions A kobold comes into view.
It is wielding a whip of electrocution.
Found a stone staircase leading down.
Found 27 bolts.
You closely miss the kobold.
The kobold hits you with a whip of electrocution.
You are electrocuted!
Ouch! That really hurt!
You are too injured to fight recklessly!
You are too injured to fight recklessly!
You are too injured to fight recklessly!
You scratch the kobold.
The kobold is heavily wounded.
The kobold hits you with a whip of electrocution.
You are electrocuted!
You die...

#.......##.'.#.+.....#.#
###........#.#.#..<..#.#
#...###.##.#+#..>..#'#
######...#.#.#.....#.#
#.....#.#.....#.#
#...#'#.#+###+#.#
#...#.....+.#....
######...###.###†###'#
#...K@...............#
...>............####.###
................# #.#
...#####...####.# #.# (.
#...# ##.## #.# .
#...###...###.##
#.[.##.....#...##
#...#.......#.#.#
###.#.............


You could see a kobold.

Vanquished Creatures
  An ooze (D:1)
  A dart slug (D:1)
  3 giant cockroaches (D:1)
  A goblin (D:1)
  4 hobgoblins (D:1)
  4 kobolds (D:1)
  A ball python (D:1)
  6 bats (D:1)
  6 rats (D:1)
27 creatures vanquished.

Notes
Turn   | Place    | Note
-------+----------+-------------------------------------------
     0 | Abyss:1  | Borgoz the Ghoul Abyssal Knight began the quest for the Orb.
     0 | Abyss:1  | Reached XP level 1. HP: 19/19 MP: 1/1
    83 | Abyss:1  | Noticed a large abomination
    84 | D:1      | Escaped the Abyss
   123 | D:1      | Reached * piety under Lugonu
   206 | D:1      | Reached XP level 2. HP: 20/26 MP: 2/2
   255 | D:1      | Reached skill level 1 in Dodging
   560 | D:1      | Reached XP level 3. HP: 33/33 MP: 3/3
   761 | D:1      | Slain by a kobold

Vault maps used:
D:1:      shiori_arrival_maze, minmay_tall_x

Skill      XL: |  1  2  3 |
---------------+----------+-----
Dodging        | 1 |  1.0
Unarmed Combat | 3 |  3.2
Armour         | 2 |  2.0
Fighting       | |  3.7
Stealth        | |  0.2
Invocations    | |  2.0

Action                   || total
-------------------------++-------
Melee: Unarmed           ||    80
Invok: Depart the Abyss  ||     1
  Eat: Chunk             ||     2
Armor: Ring mail         ||    44
Dodge: Dodged            ||    64

Table legend:
 A = Spawn XP
 B = Non-spawn XP
 C = Spawn XP percentage of total XP
 D = Spawn monster count
 E = Non-spawn monster count
 F = Spawn count percentage of total count
 G = Total turns spent on level
                    A         B        C        D         E        F      G
               +---------+---------+-------+---------+---------+-------+---------
         Total |       0 |      48 |   0.0 |       0 |      27 |   0.0 |   761
               +---------+---------+-------+---------+---------+-------+---------
           D:1 |       0 |      48 |   0.0 |       0 |      27 |   0.0 |   677
               +---------+---------+-------+---------+---------+-------+---------
